Kradschützen Motorcycle Team
Selects Italian Combined Arms Battlegroup
Selects Bersaglieri Squad
Construct Light Support Kompanie
Selects Vehicle Support - Secure Location
le.IG 18 Mechanized Group
Selects Vehicle Support - Force Recon
Pak 38 Anti-tank Gun Team
Construct Panzerarmee Kommand
Selects Semovente da 75/18 Assault Gun